[Event "Titled Tuesday Blitz January 10 Early 2023"]
[White "Gareyev, Timur"]
[Black "Lenderman, Aleksandr"]
[WhiteFideId "14200937"]
[BlackFideId "2021285"]
[WhiteElo "2617"]
[BlackElo "2572"]
[Result "1-0"]
[Round "06"]
[TimeControl "180+2"]
[Date "2023.01.10"]
[WhiteClock "0:00:05"]
[BlackClock "0:00:08"]

1. d4 e6 2. c4 b6 3. e4 Bb4+ 4. Bd2 Bxd2+ 5. Qxd2 d5 6. cxd5 exd5 7. e5 Ne7 8. Bd3 O-O 9. Ne2 c5 10. O-O Nbc6 11. h3 cxd4 12. f4 Bf5 13. Na3 Qd7 14. Nc2 Rac8 15. Nexd4 Nxd4 16. Nxd4 Bxd3 17. Qxd3 Rc4 18. b3 Rc5 19. Rad1 Rfc8 20. f5 Rc3 21. e6 Qd6 22. Qe2 f6 23. Kh1 Qe5 24. Qf2 Re3 25. Nf3 Qe4 26. Nd2 Rxh3+ 27. Kg1 Qg4 28. Rc1 Rhc3 29. Rxc3 Rxc3 30. Re1 h5 31. Nf1 h4 32. Nh2 Qg3 33. Nf3 Qxf2+ 34. Kxf2 Rc2+ 35. Kg1 Rxa2 36. Nxh4 Kf8 37. Rc1 d4 38. Rc7 Ra5 39. Rd7 Ke8 40. Ng6 Nxg6 41. fxg6 d3 42. Rxg7 Rg5 43. Rxa7 Rxg6 44. Rd7 Rg3 45. Kf2 Rg5 46. Rxd3 Rb5 47. Kf3 Ke7 48. Re3 Rb4 49. g4 Rd4 50. Kg3 b5 51. Kf3 b4 52. Kg3 Rd1 53. Kf4 Rc1 54. Kf5 Rc3 55. Kf4 Rc5 56. Re4 Rb5 57. Kf3 Rb6 58. Kf4 Rb8 59. Kf3 Rb7 60. Ke3 Rb8 61. Kd3 Rb7 62. Kc4 Rb8 63. Kc5 Rd8 64. Kxb4 Rd5 65. Kc4 Rg5 66. b4 Rg8 67. b5 Rc8+ 68. Kb4 Rc1 69. b6 1-0


[Site "https://www.chess.com"]

[Event "Titled Tuesday Blitz January 10 Early 2023"]
[White "Boros, Denes"]
[Black "Vokhidov, Shamsiddin"]
[WhiteFideId "722340"]
[BlackFideId "14204223"]
[WhiteElo "2406"]
[BlackElo "2586"]
[Result "1/2-1/2"]
[Round "06"]
[TimeControl "180+2"]
[Date "2023.01.10"]
[WhiteClock "0:00:13"]
[BlackClock "0:00:05"]

1. Nf3 Nf6 2. Nc3 c5 3. d4 cxd4 4. Nxd4 d5 5. Bf4 Nc6 6. e4 dxe4 7. Ndb5 e5 8. Qxd8+ Kxd8 9. Bg5 a6 10. O-O-O+ Bd7 11. Nd6 Bxd6 12. Rxd6 Kc7 13. Rd2 Be6 14. Bxf6 gxf6 15. Nxe4 f5 16. Ng5 e4 17. Nxe6+ fxe6 18. Bc4 Rae8 19. Re1 Ne5 20. Bf1 Nd7 21. b3 Nf6 22. Kb2 Rd8 23. Rde2 Rd6 24. f3 Rhd8 25. fxe4 Nxe4 26. g3 Rd1 27. g4 Rxe1 28. Rxe1 Rd2 29. h4 Kd6 30. Bd3 Ke5 31. gxf5 exf5 32. Rg1 Rh2 33. Rg7 Rxh4 34. Rxb7 Nc5 35. Re7+ Kf6 36. Ra7 Nxd3+ 37. cxd3 f4 38. Ra8 Kf5 39. Kc3 f3 40. Kd2 Kf4 41. Rf8+ Kg4 42. Ke3 Rh2 43. Rxf3 Rxa2 44. Rf4+ Kg5 45. Rf1 h5 46. Rg1+ Kf5 47. Rh1 Kg4 48. Rg1+ Kh4 49. d4 Rb2 50. Kf4 Rf2+ 51. Ke3 Rf8 52. d5 Kh3 53. Ke4 Kh2 54. Rg5 h4 55. d6 h3 56. Kd5 Kh1 57. d7 h2 58. Kc6 a5 59. Kc7 a4 60. bxa4 Rc8+ 61. Kd6 Rc6+ 62. Ke7 Re6+ 63. Kf7 Rf6+ 64. Ke8 Rf8+ 65. Ke7 Rf7+ 66. Ke6 Rxd7 67. Kxd7 1/2-1/2


[Site "https://www.chess.com"]

[Event "Titled Tuesday Blitz January 10 Early 2023"]
[White "Svidler, Peter"]
[Black "Mahdavi, Reza"]
[WhiteFideId "4102142"]
[BlackFideId "12595926"]
[WhiteElo "2683"]
[BlackElo "2339"]
[Result "1-0"]
[Round "06"]
[TimeControl "180+2"]
[Date "2023.01.10"]
[WhiteClock "0:00:29"]
[BlackClock "0:00:20"]

1. e4 c5 2. Nf3 e6 3. d4 cxd4 4. Nxd4 Nc6 5. Nc3 Qc7 6. Be3 a6 7. g4 b5 8. Nxc6 Qxc6 9. Qd2 Bb7 10. f3 Rc8 11. O-O-O Nf6 12. Kb1 b4 13. Ne2 d5 14. Nd4 Qc7 15. e5 Nd7 16. f4 Bc5 17. Bd3 Qb6 18. Qf2 O-O 19. g5 a5 20. Rhg1 a4 21. Rg3 g6 22. h4 b3 23. cxb3 axb3 24. Nxb3 Bxe3 25. Qxe3 Qb4 26. Qd4 Qe7 27. h5 Rfd8 28. Rh1 Nf8 29. hxg6 fxg6 30. Rc1 Rxc1+ 31. Nxc1 Rc8 32. Rg2 Nd7 33. Rc2 Rxc2 34. Bxc2 Bc6 35. a4 Qd8 36. Nd3 Kf7 37. b4 Nb6 38. Nb2 Qb8 39. Qc5 Be8 40. a5 Nd7 41. Qd6 Qa7 42. Ba4 Nf8 43. Bxe8+ Kxe8 44. Ka2 Qd4 45. a6 Nd7 46. Qxe6+ Kd8 47. Qd6 Ke8 48. e6 Nb6 49. a7 1-0


[Site "https://www.chess.com"]

[Event "Titled Tuesday Blitz January 10 Early 2023"]
[White "Arjun, Kalyan"]
[Black "Tomashevsky, Evgeny"]
[WhiteFideId "35018701"]
[BlackFideId "4147235"]
[WhiteElo "2516"]
[BlackElo "2694"]
[Result "0-1"]
[Round "06"]
[TimeControl "180+2"]
[Date "2023.01.10"]
[WhiteClock "0:00:32"]
[BlackClock "0:01:09"]

1. e4 c6 2. Nc3 d5 3. Nf3 Bg4 4. h3 Bh5 5. exd5 cxd5 6. d4 Bxf3 7. Qxf3 e6 8. Ne2 Nc6 9. c3 Qf6 10. Qxf6 Nxf6 11. Nf4 Bd6 12. Nd3 b5 13. g4 b4 14. Bg2 bxc3 15. bxc3 Rc8 16. Rb1 O-O 17. Bd2 Na5 18. Ke2 Rc7 19. Rb5 Nc4 20. Rd1 Nxd2 21. Kxd2 Rfc8 22. Rb3 g5 23. Re1 Kg7 24. f3 h5 25. Reb1 hxg4 26. hxg4 Rh8 27. Rh1 Rcc8 28. Rbb1 Nd7 29. Rxh8 Rxh8 30. Rh1 Rc8 31. Bf1 Nb6 32. Nb2 Ba3 33. Nd1 Rb8 34. Bd3 Bd6 35. Kc2 Na4 36. Rh7+ Kf6 37. Rh6+ Ke7 38. Rh7 Bf4 39. Bb5 Rxb5 0-1


[Site "https://www.chess.com"]

[Event "Titled Tuesday Blitz January 10 Early 2023"]
[White "Zemlyanskii, Ivan"]
[Black "Keymer, Vincent"]
[WhiteFideId "24249971"]
[BlackFideId "12940690"]
[WhiteElo "2300"]
[BlackElo "2700"]
[Result "1-0"]
[Round "06"]
[TimeControl "180+2"]
[Date "2023.01.10"]
[WhiteClock "0:00:09"]
[BlackClock "0:00:02"]

1. d4 Nf6 2. c4 e6 3. Nf3 d5 4. e3 Bd6 5. Nc3 O-O 6. Bd3 dxc4 7. Bxc4 c5 8. O-O cxd4 9. exd4 h6 10. Qe2 Nc6 11. Rd1 Ne7 12. Ne5 Bd7 13. Bf4 Bc6 14. Rd3 Rc8 15. Re1 Bd5 16. Bb5 Nf5 17. g4 Nh4 18. Bg3 Ng6 19. Nxg6 fxg6 20. Nxd5 exd5 21. Qe6+ Kh7 22. Bxd6 Rg8 23. Be7 Qa5 24. Bxf6 Qxb5 25. Rb3 Qa4 26. Rf3 Rce8 27. Be7 Qxd4 28. Rf7 h5 29. gxh5 gxh5 30. Qf5+ Kh6 31. Bg5# 1-0


[Site "https://www.chess.com"]

[Event "Titled Tuesday Blitz January 10 Early 2023"]
[White "Bachmann, Axel"]
[Black "Preotu, Razvan"]
[WhiteFideId "3700488"]
[BlackFideId "2613280"]
[WhiteElo "2604"]
[BlackElo "2475"]
[Result "1-0"]
[Round "06"]
[TimeControl "180+2"]
[Date "2023.01.10"]
[WhiteClock "0:00:06"]
[BlackClock "0:00:02"]

1. e4 c5 2. Nf3 d6 3. d4 cxd4 4. Nxd4 Nf6 5. Nc3 a6 6. f4 e5 7. Nf3 Qc7 8. a4 Be7 9. Bd3 O-O 10. O-O Nc6 11. Kh1 Nb4 12. Qe1 Be6 13. Nh4 Rfe8 14. fxe5 dxe5 15. Nf5 Bxf5 16. Rxf5 Rad8 17. Qg3 g6 18. Bh6 Nxd3 19. cxd3 Qb6 20. Raf1 Qxb2 21. Qxe5 Rxd3 22. Rxf6 Qxc3 23. Qxc3 Rxc3 24. Rxf7 Rcc8 25. Rg7+ Kh8 26. Rff7 Bf8 27. Rxh7+ Kg8 28. Bg5 Rxe4 29. h4 Rc2 30. Rxb7 Re1+ 31. Kh2 Bd6+ 32. Kh3 Rc3+ 33. g3 Rxg3+ 34. Kh2 Re2+ 35. Kh1 Rh3+ 36. Kg1 Bc5+ 37. Kf1 Rf2+ 38. Kg1 Rh1+ 39. Kxh1 Rf1+ 40. Kg2 1-0


[Site "https://www.chess.com"]

[Event "Titled Tuesday Blitz January 10 Early 2023"]
[White "Bryakin, Mikhail"]
[Black "Dominguez Perez, Leinier"]
[WhiteFideId "4165314"]
[BlackFideId "3503240"]
[WhiteElo "2455"]
[BlackElo "2739"]
[Result "1-0"]
[Round "06"]
[TimeControl "180+2"]
[Date "2023.01.10"]
[WhiteClock "0:00:06"]
[BlackClock "0:00:04"]

1. d4 d5 2. Nf3 Nf6 3. c4 dxc4 4. e3 e6 5. Bxc4 c5 6. O-O Nc6 7. dxc5 Qxd1 8. Rxd1 Bxc5 9. Be2 O-O 10. b3 Be7 11. Bb2 b6 12. Nbd2 Bb7 13. Rac1 Rac8 14. Nc4 Rfd8 15. Kf1 Nb4 16. a3 Rxd1+ 17. Rxd1 Nbd5 18. b4 Ne4 19. Rc1 f6 20. Nfd2 Nxd2+ 21. Nxd2 Rxc1+ 22. Bxc1 e5 23. Bc4 Kf8 24. Bb2 Ke8 25. g3 Kd7 26. e4 Nc7 27. Ke2 Ne6 28. h4 a6 29. Bc3 b5 30. Bb3 Bd8 31. Bc2 Bb6 32. Nf3 Ke7 33. Bd3 Bc8 34. Bb2 Nd8 35. Nd2 Nc6 36. Nb3 Be6 37. Nc5 Bxc5 38. bxc5 Kd7 39. f4 Bc4 40. Bxc4 bxc4 41. Kd2 Nd4 42. fxe5 fxe5 43. Kc3 1-0


[Site "https://www.chess.com"]

[Event "Titled Tuesday Blitz January 10 Early 2023"]
[White "Putnam, Liam"]
[Black "Jones, Gawain C B"]
[WhiteFideId "30938279"]
[BlackFideId "409561"]
[WhiteElo "2285"]
[BlackElo "2618"]
[Result "1-0"]
[Round "06"]
[TimeControl "180+2"]
[Date "2023.01.10"]
[WhiteClock "0:00:08"]
[BlackClock "0:00:04"]

1. e4 e5 2. Nf3 Nc6 3. Bb5 a6 4. Ba4 Nf6 5. O-O d6 6. Re1 Bd7 7. c3 g6 8. d4 Bg7 9. Nbd2 O-O 10. Nf1 exd4 11. cxd4 b5 12. Bb3 Bg4 13. Be3 Na5 14. e5 Nd7 15. exd6 Nxb3 16. dxc7 Qxc7 17. Qxb3 Bxf3 18. gxf3 Qc6 19. Kg2 Qd6 20. Ng3 Nb6 21. Ne4 Qd8 22. Rac1 h6 23. Rc6 Nc4 24. Qc3 Kh7 25. b3 Qd7 26. Rc5 Nb6 27. Rc7 Qd8 28. Qc6 Rb8 29. Rd1 Qd5 30. Qxd5 Nxd5 31. Rc5 Rbd8 32. a3 Rd7 33. Rc6 Re8 34. Rxa6 Rc7 35. Rd6 Nxe3+ 36. fxe3 f5 37. Nc5 Rxe3 38. Rd7 Rxd7 39. Nxd7 Rxb3 40. d5 Rxa3 41. d6 Ra8 42. Nc5 Bf6 43. d7 Kg8 44. Nb7 b4 45. Rb1 Rb8 46. Rxb4 Kg7 47. Rb6 Be7 48. Re6 Kf7 49. Rb6 Kf8 50. Rb5 g5 51. Rb3 Kf7 52. Rb5 Ke6 53. Nc5+ Bxc5 54. Rxb8 Kxd7 55. Rh8 Ke6 56. Rxh6+ Ke5 57. Rh5 Be3 58. Rh7 Bf4 59. h4 gxh4 60. Rxh4 Bg5 61. Rh8 Be3 62. Re8+ Kf4 63. Rc8 Bd4 64. Rc4 Ke3 65. Ra4 Be5 66. Ra5 Kf4 67. Kf2 Bd4+ 68. Ke2 Bc3 69. Ra4+ Kg3 70. Ra8 Kf4 71. Rf8 Bd4 72. Rb8 Bc5 73. Rb5 Ba7 74. Rb4+ Kg3 75. Ra4 Bb6 76. Ra3 Kf4 77. Kf1 Bc5 78. Rb3 Be3 79. Kg2 Ba7 80. Ra3 Bc5 81. Ra4+ Kg5 82. Kg3 Bd6+ 83. f4+ Kf6 84. Ra6 Ke6 85. Kh4 Kd5 86. Kg5 Ke6 87. Kg6 Ke7 88. Kxf5 Bc5 89. Ke4 Kf7 90. Rc6 Bb4 91. Kf5 Ba3 92. Rc7+ Ke8 93. Ke6 Kd8 94. Rd7+ Ke8 95. f5 Bb2 96. Re7+ Kf8 97. f6 Ba3 98. Ra7 1-0


[Site "https://www.chess.com"]

[Event "Titled Tuesday Blitz January 10 Early 2023"]
[White "Postny, Evgeny"]
[Black "Moroni, Luca Jr"]
[WhiteFideId "2804344"]
[BlackFideId "865834"]
[WhiteElo "2549"]
[BlackElo "2535"]
[Result "1/2-1/2"]
[Round "06"]
[TimeControl "180+2"]
[Date "2023.01.10"]
[WhiteClock "0:00:04"]
[BlackClock "0:00:04"]

1. Nf3 g6 2. c4 Bg7 3. Nc3 d6 4. d4 Nc6 5. g3 Bd7 6. Bg2 Qc8 7. O-O Bh3 8. e4 h5 9. Bg5 h4 10. Bxh4 f6 11. d5 Ne5 12. Nxe5 dxe5 13. Qa4+ Bd7 14. Qb3 g5 15. Bxg5 fxg5 16. f3 Nf6 17. c5 b6 18. c6 Bh3 19. Rf2 Bxg2 20. Rxg2 g4 21. Rf1 gxf3 22. Rxf3 Qg4 23. Qd1 O-O 24. Qe2 e6 25. Rxf6 Qg5 26. Rxf8+ Bxf8 27. h4 Bc5+ 28. Kh2 Qg7 29. dxe6 Rf8 30. Nd5 Re8 31. b4 Bd4 32. e7 Qg6 33. Qf3 Kg7 34. Qf5 Qxc6 35. h5 Qh6 36. Rc2 c5 37. bxc5 bxc5 38. Qg4+ Kh8 39. Qg6 Qxg6 40. hxg6 Kg7 41. Rc4 Kxg6 42. Ra4 Kf7 43. Rxa7 c4 44. Rc7 c3 45. Nxc3 Bxc3 46. Rxc3 Rxe7 47. Rc5 Ra7 48. Rxe5 Rxa2+ 49. Kh3 Kf6 50. Rf5+ Kg6 51. Rb5 Ra4 52. Re5 Kf6 53. Rf5+ Kg6 54. Rf4 Kg5 55. Rg4+ Kh5 56. Rf4 Kg5 57. Rh4 Rb4 58. Rg4+ Kh5 59. Rf4 Kg5 60. Kg2 Rb2+ 61. Rf2 Rb3 62. Re2 Kg4 63. e5 Rxg3+ 64. Kf1 Rf3+ 65. Rf2 Rxf2+ 66. Kxf2 Kf5 67. e6 Kxe6 1/2-1/2


[Site "https://www.chess.com"]

[Event "Titled Tuesday Blitz January 10 Early 2023"]
[White "Avila Pavas, Santiago"]
[Black "Kadric, Denis"]
[WhiteFideId "4437128"]
[BlackFideId "14403803"]
[WhiteElo "2522"]
[BlackElo "2601"]
[Result "1-0"]
[Round "06"]
[TimeControl "180+2"]
[Date "2023.01.10"]
[WhiteClock "0:00:11"]
[BlackClock "0:00:19"]

1. d4 d6 2. e4 Nf6 3. Nc3 Nbd7 4. Nf3 e5 5. h3 c6 6. g4 h6 7. Be3 b5 8. a3 Bb7 9. Bg2 Be7 10. Qd2 Qc7 11. O-O a6 12. Nh2 g5 13. Rfe1 Nf8 14. Nf1 h5 15. f3 Ne6 16. Ng3 hxg4 17. fxg4 Nf4 18. Nf5 Nxh3+ 19. Bxh3 Rxh3 20. Bxg5 O-O-O 21. Kg2 Rdh8 22. Rh1 Rxh1 23. Rxh1 Rxh1 24. Kxh1 Bd8 25. dxe5 dxe5 26. Qd6 Nxg4 27. Qf8 f6 28. Bh4 c5 29. Qg8 b4 30. Nd5 Bxd5 31. exd5 Qd7 32. Qxg4 Qxd5+ 33. Kh2 Kb7 34. Qg2 Kc6 35. Qe2 c4 36. axb4 e4 37. Ne3 Bc7+ 38. Bg3 Bxg3+ 39. Kxg3 Qe5+ 40. Kg4 Qxb2 41. Qxc4+ Kd6 42. Qd5+ Ke7 43. Nf5+ Ke8 44. Qe6+ Kd8 45. Qe7+ Kc8 46. Nd6+ 1-0


[Site "https://www.chess.com"]

[Event "Titled Tuesday Blitz January 10 Early 2023"]
[White "Zhigalko, Sergei"]
[Black "Horvath, Dominik"]
[WhiteFideId "13502956"]
[BlackFideId "1642561"]
[WhiteElo "2572"]
[BlackElo "2523"]
[Result "1-0"]
[Round "06"]
[TimeControl "180+2"]
[Date "2023.01.10"]
[WhiteClock "0:00:56"]
[BlackClock "0:01:13"]

1. e4 c6 2. d4 d5 3. e5 c5 4. Nf3 cxd4 5. Qxd4 Nc6 6. Qf4 e6 7. Bd3 Nb4 8. O-O Nxd3 9. cxd3 Ne7 10. Nc3 Bd7 11. Bd2 Ng6 12. Qg3 Be7 13. Rfe1 O-O 14. Ne2 Rc8 15. Ned4 Qb6 16. Bc3 Bb4 17. Bxb4 Qxb4 18. Rab1 h6 19. h4 Kh8 20. h5 Ne7 21. a3 Qb6 22. Qf4 Bb5 23. Re3 Ba6 24. b4 Bb5 25. Nh4 Rc3 26. Rb3 Rxb3 27. Nxb3 d4 28. Rg3 Nc6 29. Ng6+ Kg8 30. Nxf8 Kxf8 31. Qg4 1-0


[Site "https://www.chess.com"]

[Event "Titled Tuesday Blitz January 10 Early 2023"]
[White "Goltsev, Dmitry"]
[Black "Pultinevicius, Paulius"]
[WhiteFideId "24176710"]
[BlackFideId "12809390"]
[WhiteElo "2269"]
[BlackElo "2537"]
[Result "1-0"]
[Round "06"]
[TimeControl "180+2"]
[Date "2023.01.10"]
[WhiteClock "0:00:11"]
[BlackClock "0:00:02"]

1. e4 c6 2. d4 d5 3. Nc3 dxe4 4. Nxe4 Nf6 5. Nxf6+ exf6 6. Nf3 Bd6 7. c3 O-O 8. Bd3 Re8+ 9. Be3 Bg4 10. h3 Bh5 11. Qc2 Bg6 12. O-O-O Nd7 13. g4 Bxd3 14. Qxd3 b5 15. d5 c5 16. Qxb5 Rb8 17. Qd3 Qa5 18. Kb1 Nb6 19. b3 c4 20. Bxb6 Qxb6 21. Qxc4 Rec8 22. Qd4 Bc5 23. Qd3 a5 24. Rd2 a4 25. b4 a3 26. Nd4 Bxb4 27. cxb4 Qxb4+ 28. Nb3 Rc3 29. Qd4 Rc4 30. Qe3 Rc3 31. Rd3 Rcc8 32. Rc1 Re8 33. Qd4 Qb5 34. d6 h5 35. d7 Red8 36. Qd5 Qa6 37. gxh5 Rb5 38. Qc4 Kh7 39. Qxf7 Re5 40. Qg6+ Kh8 41. h6 Re7 42. Rg1 Kg8 43. hxg7 Qc4 44. Re3 Rxe3 45. fxe3 Qc3 46. Qe8+ Kh7 47. g8=Q+ 1-0


[Site "https://www.chess.com"]

[Event "Titled Tuesday Blitz January 10 Early 2023"]
[White "Orozbaev, Eldiar"]
[Black "Svane, Frederik"]
[WhiteFideId "13802240"]
[BlackFideId "12923044"]
[WhiteElo "2235"]
[BlackElo "2600"]
[Result "0-1"]
[Round "06"]
[TimeControl "180+2"]
[Date "2023.01.10"]
[WhiteClock "0:00:03"]
[BlackClock "0:00:46"]

1. e4 c5 2. c3 d5 3. exd5 Qxd5 4. Nf3 Nf6 5. d4 e6 6. Be2 Be7 7. O-O O-O 8. Be3 cxd4 9. Nxd4 Rd8 10. Qb3 Nc6 11. Bf3 Qxb3 12. axb3 Ne5 13. Nd2 Nxf3+ 14. N2xf3 Bd7 15. Ne5 Be8 16. Rfd1 Nd5 17. Nc4 Nxe3 18. Nxe3 g6 19. Kf1 Bc5 20. Nec2 e5 21. Nf3 f6 22. Nd2 Bc6 23. f3 Kf7 24. Ne4 Be7 25. Ke2 f5 26. Nf2 Rxd1 27. Rxd1 a5 28. Nd3 Kf6 29. Ne3 Rd8 30. f4 exf4 31. Nxf4 Rxd1 32. Kxd1 Bd6 33. Nfd5+ Ke6 34. c4 f4 35. Ng4 Bxd5 36. cxd5+ Kxd5 37. Nf6+ Ke5 38. Nd7+ Kd4 39. Ke2 b5 40. Nf6 Ke5 41. Nd7+ Ke6 42. Nb6 Bc5 43. Na8 Kd7 44. Kf3 Kc6 45. Ke4 Kb7 46. Kd5 Be3 0-1


[Site "https://www.chess.com"]

[Event "Titled Tuesday Blitz January 10 Early 2023"]
[White "Baskakov, Egor"]
[Black "Rakhmatullaev, Almas"]
[WhiteFideId "24197866"]
[BlackFideId "14205793"]
[WhiteElo "2215"]
[BlackElo "2275"]
[Result "1/2-1/2"]
[Round "06"]
[TimeControl "180+2"]
[Date "2023.01.10"]
[WhiteClock "0:00:06"]
[BlackClock "0:00:09"]

1. e4 e5 2. Nc3 Nf6 3. g3 Bb4 4. Bg2 d6 5. h3 O-O 6. Nge2 Nc6 7. O-O Nd4 8. d3 Nxe2+ 9. Qxe2 c6 10. Kh2 Re8 11. f4 exf4 12. Bxf4 h6 13. a3 Bc5 14. Qd2 Bd4 15. Rae1 Nh5 16. Be3 Be5 17. Ne2 Qh4 18. Bf2 Qg5 19. Qb4 a5 20. Qb6 Qd8 21. Qb3 a4 22. Qb4 c5 23. Qd2 Qg5 24. Qxg5 hxg5 25. c3 Bd7 26. d4 cxd4 27. cxd4 Bf6 28. Nc3 Bc6 29. Rd1 g6 30. Rfe1 Bh8 31. Be3 f6 32. Bf2 f5 33. exf5 gxf5 34. Nd5 Nf6 35. Ne7+ Kf7 36. Nxf5 Bxg2 37. Nxd6+ Kg6 38. Nxe8 Bf3 39. Nxf6 Bxd1 40. Rxd1 Bxf6 41. Rd2 Kf5 42. Kg2 Ke4 43. d5 Rd8 44. d6 Rd7 45. Bc5 Be5 46. Bb4 b5 47. Re2+ Kd5 48. h4 gxh4 49. gxh4 Rg7+ 50. Kf3 Rg3+ 51. Kf2 Rg8 52. d7 Bd4+ 53. Kf3 Rd8 54. Rd2 Kc4 55. h5 Rxd7 56. Kg4 Rg7+ 57. Kf5 Rf7+ 58. Kg6 Rf6+ 59. Kg5 Re6 60. Rg2 Be3+ 61. Kf5 Re8 62. Bc3 Kb3 63. Rh2 Rf8+ 64. Ke6 Re8+ 65. Kf7 Rc8 66. h6 Rc7+ 67. Ke6 b4 68. Bxb4 Rh7 69. Bf8 Bd4 70. Kf5 Bxb2 71. Kg6 Rb7 72. Bg7 Bxg7 73. hxg7 Rxg7+ 74. Kxg7 Kxa3 75. Kf6 Kb3 76. Ke5 a3 77. Kd4 a2 78. Rh3+ Kb2 79. Rh2+ Kb1 80. Rh1+ Kb2 81. Rg1 a1=Q 82. Rxa1 Kxa1 1/2-1/2


[Site "https://www.chess.com"]

[Event "Titled Tuesday Blitz January 10 Early 2023"]
[White "Alexakis, Dimitris"]
[Black "Murzin, Volodar"]
[WhiteFideId "4277023"]
[BlackFideId "44155573"]
[WhiteElo "2436"]
[BlackElo "2604"]
[Result "0-1"]
[Round "06"]
[TimeControl "180+2"]
[Date "2023.01.10"]
[WhiteClock "0:00:08"]
[BlackClock "0:00:15"]

1. Nf3 d5 2. g3 Bg4 3. Bg2 e6 4. O-O Bd6 5. c4 c6 6. Qb3 Qb6 7. d4 Nd7 8. Nc3 Qxb3 9. axb3 a6 10. e4 dxe4 11. Nxe4 Bc7 12. b4 Ngf6 13. Nxf6+ Nxf6 14. b5 cxb5 15. Ne5 Ra7 16. Nxg4 Nxg4 17. cxb5 O-O 18. d5 exd5 19. Bxd5 Bb6 20. bxa6 bxa6 21. h3 Ne5 22. Rd1 h6 23. Bf4 Ng6 24. Bd2 Rd8 25. Bc3 Rad7 26. Bb3 Rxd1+ 27. Bxd1 Bd4 28. Be2 Bxc3 29. bxc3 Rc8 30. Ra3 Ne7 31. c4 Rc6 32. Re3 Nf5 33. Re8+ Kh7 34. Bd3 g6 35. Ra8 Nd6 36. Kg2 Kg7 37. Ra7 Nxc4 38. Bxc4 Rxc4 39. Rxa6 Rc5 40. Ra2 h5 41. Re2 Rf5 42. g4 hxg4 43. hxg4 Rf6 44. Kg3 Rd6 45. Re4 Rd3+ 46. f3 Rd8 47. g5 Rd1 48. Kf4 Rd5 49. Rb4 Rf5+ 50. Kg4 Rc5 51. Rb7 Rc1 52. Re7 Rg1+ 53. Kf4 Rc1 54. Re5 Rc4+ 55. Re4 Rc8 56. Re5 Kf8 57. Ke4 Rc1 58. f4 Rc4+ 59. Kf3 Kg7 60. Re7 Rb4 61. Re4 Rb1 62. Re3 Rb4 63. Rd3 Kf8 64. Ke3 Ke7 65. Ra3 Ke6 66. Ra6+ Ke7 67. Rf6 Rb3+ 68. Kd4 Rb4+ 69. Kc5 Re4 70. Kd5 Ra4 71. Rb6 Rxf4 72. Rb7+ Kf8 73. Kd6 Rf5 0-1


[Site "https://www.chess.com"]

[Event "Titled Tuesday Blitz January 10 Early 2023"]
[White "Rozman, Levy"]
[Black "Arabidze, Meri"]
[WhiteFideId "2039877"]
[BlackFideId "13604040"]
[WhiteElo "2322"]
[BlackElo "2441"]
[Result "1-0"]
[Round "06"]
[TimeControl "180+2"]
[Date "2023.01.10"]
[WhiteClock "0:00:06"]
[BlackClock "0:00:06"]

1. d4 f5 2. Qd3 d5 3. g4 fxg4 4. h3 Nf6 5. hxg4 Bxg4 6. f3 Be6 7. Nh3 Nc6 8. Ng5 Qd7 9. Nc3 Nb4 10. Qd1 Bf5 11. e4 dxe4 12. fxe4 Bg4 13. Be2 Bxe2 14. Qxe2 e6 15. Be3 O-O-O 16. O-O-O h6 17. a3 Nc6 18. d5 exd5 19. exd5 Ne5 20. Bxa7 Bd6 21. Ne6 Rde8 22. Nc5 Qg4 23. Qb5 Bxc5 24. Bxc5 Qc4 25. Qa5 b6 26. Bxb6 cxb6 27. Qxb6 Nfd7 28. Qa7 Qc7 29. Qa6+ Qb7 30. Qa4 Kb8 31. Rh4 Nb6 32. Qb5 Nbc4 33. b3 Qxb5 34. Nxb5 Ne3 35. Rdh1 Nf3 36. Rb4 Nxd5 37. Ra4 Nb6 38. Ra6 Kb7 39. Ra7+ Kc6 40. a4 Re1+ 41. Rxe1 Nxe1 42. c4 Rc8 43. Rxg7 Nd3+ 44. Kd2 Ne5 45. Na7+ Kc5 46. Nxc8 Nxc8 47. Rc7+ Kb4 48. Rxc8 Kxb3 49. c5 Kxa4 50. Rb8 Nc4+ 51. Kc3 Ne5 52. Rb1 h5 53. Kd4 Nc6+ 54. Kd5 Na5 55. Ra1+ Kb5 56. Rxa5+ Kxa5 57. c6 h4 58. c7 1-0


[Site "https://www.chess.com"]

[Event "Titled Tuesday Blitz January 10 Early 2023"]
[White "Koellner, Ruben Gideon"]
[Black "Vakhlamov, Igor L."]
[WhiteFideId "12993093"]
[BlackFideId "24126748"]
[WhiteElo "2426"]
[BlackElo "2413"]
[Result "1-0"]
[Round "06"]
[TimeControl "180+2"]
[Date "2023.01.10"]
[WhiteClock "0:00:20"]
[BlackClock "0:00:16"]

1. d4 d5 2. Nf3 Nf6 3. Nbd2 e6 4. e3 b6 5. Bd3 Bb7 6. Ne5 Nbd7 7. f4 Nxe5 8. fxe5 Ne4 9. O-O Qg5 10. Qf3 f5 11. exf6 Nxf6 12. e4 Qg4 13. Qxg4 Nxg4 14. e5 Ne3 15. Rf3 Nc4 16. Rf2 Nxd2 17. Bxd2 Be7 18. Raf1 O-O-O 19. Rf7 Bf8 20. Bg5 Re8 21. h4 Bc6 22. h5 a5 23. c3 a4 24. g4 Kb8 25. Kg2 Kc8 26. Kg3 Kb8 27. R1f2 Kc8 28. Bxh7 Rxh7 29. Rxf8 Rh8 30. Rxh8 Rxh8 31. Rf7 Rg8 32. Bd2 Be8 33. Re7 Bd7 34. Kh4 c5 35. Be3 c4 36. a3 Kd8 37. Bg5 Kc8 38. Rf7 b5 39. Be7 Be8 40. Rf8 Rxf8 41. Bxf8 Kd7 42. Kg5 Bf7 43. Bxg7 Bg8 44. Kg6 Ke8 45. h6 Bf7+ 46. Kf6 Bg8 47. g5 Bh7 48. g6 Bxg6 49. Kxg6 b4 50. axb4 Kd7 51. h7 Kc6 52. h8=Q Kb5 53. Qe8+ Ka6 54. Qxa4+ Kb6 55. Qa5+ Kc6 56. Qa6+ Kd7 57. Kf6 Kc7 58. Kxe6 Kd8 59. Qa7 Kc8 60. Kd6 Kd8 61. Qa8# 1-0


[Site "https://www.chess.com"]

[Event "Titled Tuesday Blitz January 10 Early 2023"]
[White "Kosakowski, Jakub"]
[Black "Kim, Yoon-Young"]
[WhiteFideId "1185080"]
[BlackFideId "30908779"]
[WhiteElo "2485"]
[BlackElo "2304"]
[Result "1-0"]
[Round "06"]
[TimeControl "180+2"]
[Date "2023.01.10"]
[WhiteClock "0:00:26"]
[BlackClock "0:00:26"]

1. d4 Nf6 2. Nf3 d5 3. c3 e6 4. Bf4 c5 5. e3 Bd6 6. Bg3 O-O 7. Nbd2 Qc7 8. dxc5 Qxc5 9. Bd3 Rd8 10. Qe2 Nc6 11. e4 Bxg3 12. hxg3 g6 13. e5 Nd7 14. Nb3 Qe7 15. Qe3 f6 16. exf6 Qxf6 17. O-O-O Nf8 18. Nbd4 Bd7 19. Kb1 Re8 20. Rde1 a6 21. g4 Rac8 22. g5 Qg7 23. Nxc6 Bxc6 24. Ne5 Nd7 25. Ng4 e5 26. Qh3 e4 27. Bc2 Rf8 28. f3 Rce8 29. fxe4 dxe4 30. Rh2 Re7 31. Reh1 e3 32. Nxe3 Qe5 33. Bb3+ Rff7 34. Qxh7+ 1-0


[Site "https://www.chess.com"]

[Event "Titled Tuesday Blitz January 10 Early 2023"]
[White "Bazarov, Konstantin"]
[Black "Stribuk, Artiom"]
[WhiteFideId "4137000"]
[BlackFideId "13515659"]
[WhiteElo "2235"]
[BlackElo "2378"]
[Result "0-1"]
[Round "06"]
[TimeControl "180+2"]
[Date "2023.01.10"]
[WhiteClock "0:00:01"]
[BlackClock "0:00:12"]

1. d4 Nf6 2. c4 c5 3. d5 b5 4. cxb5 a6 5. e3 g6 6. Nc3 Bg7 7. Nf3 Bb7 8. a4 O-O 9. Be2 axb5 10. Bxb5 Na6 11. O-O Nb4 12. e4 e6 13. dxe6 dxe6 14. Qe2 Qe7 15. Bg5 h6 16. Bh4 g5 17. Bg3 Nh5 18. Rfd1 Nxg3 19. hxg3 Nc6 20. Qf1 Nd4 21. Bc4 Bc6 22. a5 Rfb8 23. Ra2 Qb7 24. a6 Qb4 25. Rda1 Ra7 26. Qd3 Qb6 27. Nxd4 Bxd4 28. Ne2 Be5 29. Rc1 Rd7 30. Qe3 Rbd8 31. Raa1 Rd2 32. a7 Ba8 33. Rcb1 Rxb2 34. Rxb2 Qxb2 35. Rf1 Qb6 36. Qa3 Bxe4 37. Nc3 Bxc3 38. Qxc3 Ra8 39. Qf6 Bg6 40. Be2 Qxa7 41. Rd1 Qc7 42. Rd2 Rf8 43. Kh2 c4 44. f4 c3 45. Rd1 gxf4 46. gxf4 c2 47. Rc1 Qd8 48. Qb2 Qh4+ 49. Kg1 Qxf4 50. Bf3 Rd8 51. Kh1 Rb8 52. Qa1 Qxc1+ 53. Qxc1 Rb1 54. Qxb1 cxb1=Q+ 0-1


[Site "https://www.chess.com"]